FSL
ST. LUCIE METS @ BRADENTON MARAUDERS
07/31/2012
 
TOP OF THE 1ST
Dunedin Blue Jays batting - Pitching for Daytona Tortugas : RHP Cesar Casillas
Pitching: RHP Cesar Casillas
Batting: RHB Jose Castrejon 0-0: Called Strike
0-1: Called Strike
0-2: Strikes out swinging
Batting: LHB Sneideer Santos 0-0: Ball
1-0: Ball
2-0: Ball
3-0: Called Strike
3-1: Base on Balls
Batting: RHB Billy Santos 0-0: Foul Ball, location: 5FF
0-1: Swinging Strike
0-2: Foul Ball, location: 5FF
0-2: Strikes out looking
Batting: LHB Johan Limonta 0-0: Called Strike
0-1: Ball
1-1: Foul Ball, location: 23F
1-2: Foul Ball, location: 7LMF
1-2: Foul Ball, location: 2F
1-2: Strikes out swinging
Top of the 1st over - 0 runs, 0 hits, 0 errors, 1 left on base; Dunedin 0 - Daytona 0
BOTTOM OF THE 1ST
Daytona Tortugas batting - Pitching for Dunedin Blue Jays : RHP Chris Mason
Pitching: RHP Chris Mason
Batting: RHB Diory Hernandez 0-0: Ball
1-0: Ground out U3 (Groundball, 3, EV 105.6 MPH)
Batting: SHB Jose Delgado 0-0: Ball
1-0: Foul Ball, location: 7LMF
1-1: Foul Ball, location: 2F
1-2: Ball
2-2: Ball
3-2: Fly out, F9 (Flyball, 89S, EV 92.5 MPH)
Batting: LHB Jesus Moreno 0-0: Ball
1-0: Ball
2-0: Foul Ball, location: 2F
2-1: Ground out 4-3 (Groundball, 4, EV 90.0 MPH)
Bottom of the 1st over - 0 runs, 0 hits, 0 errors, 0 left on base; Dunedin 0 - Daytona 0
TOP OF THE 2ND
Dunedin Blue Jays batting - Pitching for Daytona Tortugas : RHP Cesar Casillas
Batting: RHB Robun Dano Dasmarinas 0-0: Ball
1-0: Fly out, F8 (Line Drive, 89M, EV 91.9 MPH)
Batting: SHB Chris Todd 0-0: Ball
1-0: Ball
2-0: Ball
3-0: Called Strike
3-1: Called Strike
3-2: SINGLE (Popup, 56D, EV 68.1 MPH)
Batting: RHB Kevin Thompson 0-0: Ball
Chris Todd steals 2nd base
1-0: Ball
2-0: Fly out, F9 (Flyball, 89M, EV 96.3 MPH)
Batting: SHB Luis Cordova 0-0: Ball
1-0: Ground out 4-3 (Groundball, 4, EV 86.9 MPH)
Top of the 2nd over - 0 runs, 1 hit, 0 errors, 1 left on base; Dunedin 0 - Daytona 0
BOTTOM OF THE 2ND
Daytona Tortugas batting - Pitching for Dunedin Blue Jays : RHP Chris Mason
Batting: RHB Bill Diaz 0-0: Ground out 4-3 (Groundball, 4S, EV 68.1 MPH)
Batting: SHB Gregory Nash 0-0: Fly out, F8 (Flyball, 8LD, EV 98.1 MPH)
Batting: LHB Bryan Hansen 0-0: Ground out 6-3 (Groundball, 56, EV 83.8 MPH)
Bottom of the 2nd over - 0 runs, 0 hits, 0 errors, 0 left on base; Dunedin 0 - Daytona 0
TOP OF THE 3RD
Dunedin Blue Jays batting - Pitching for Daytona Tortugas : RHP Cesar Casillas
Batting: RHB Mike Myers 0-0: Ball
1-0: Ball
2-0: Ground out 3-1 (Groundball, 34, EV 89.4 MPH)
Batting: RHB Jose Castrejon 0-0: Ball
1-0: Called Strike
1-1: Ball
2-1: Fly out, F7 (Flyball, 7LM, EV 109.4 MPH)
Batting: LHB Sneideer Santos 0-0: Called Strike
0-1: Foul Ball, location: 7LSF
0-2: Ball
1-2: Ball
2-2: Ball
3-2: Base on Balls
Batting: RHB Billy Santos 0-0: Ball
1-0: Called Strike
1-1: Ball
2-1: Ball
3-1: Base on Balls
Sneideer Santos to second
Batting: LHB Johan Limonta 0-0: Called Strike
0-1: SINGLE (Line Drive, 3D, EV 105.6 MPH)
Sneideer Santos to third
Billy Santos to second
Runner from 3rd tries for Home, SAFE, throw by RF to home
Batting: RHB Robun Dano Dasmarinas 0-0: Called Strike
0-1: Ground out U3 (Groundball, 3, EV 88.1 MPH)
Top of the 3rd over - 1 run, 1 hit, 0 errors, 2 left on base; Dunedin 1 - Daytona 0
BOTTOM OF THE 3RD
Daytona Tortugas batting - Pitching for Dunedin Blue Jays : RHP Chris Mason
Batting: SHB Phillip Cuadrado 0-0: Foul Ball, location: 25FF
0-1: Bunt missed!
0-2: Strikes out swinging
Batting: LHB Joe Burke 0-0: Foul Ball, location: 2F
0-1: Ball
1-1: Ball
2-1: Fly out, F8 (Flyball, 8LS, EV 94.4 MPH)
Batting: SHB Terry Blunt 0-0: Called Strike
0-1: Ball
1-1: Ball
2-1: Ball
3-1: Fly out, F9 (Flyball, 9D, EV 94.4 MPH)
Bottom of the 3rd over - 0 runs, 0 hits, 0 errors, 0 left on base; Dunedin 1 - Daytona 0
TOP OF THE 4TH
Dunedin Blue Jays batting - Pitching for Daytona Tortugas : RHP Cesar Casillas
Batting: SHB Chris Todd 0-0: SINGLE (Line Drive, 8RS, EV 101.9 MPH)
Batting: RHB Kevin Thompson 0-0: Foul Ball, location: 7LMF
0-1: Ball
1-1: Foul Ball, location: 2F
1-2: Ball
2-2: Ball
3-2: Base on Balls
Chris Todd to second
Batting: SHB Luis Cordova 0-0: Ball
1-0: Foul Ball, location: 7LDF
1-1: Swinging Strike
1-2: Strikes out swinging
Batting: RHB Mike Myers 0-0: Ball
1-0: Foul Ball, location: 2F
1-1: Ball
2-1: Called Strike
2-2: Foul Ball, location: 5F
2-2: Strikes out swinging
Batting: RHB Jose Castrejon 0-0: Swinging Strike
0-1: Ball
1-1: Called Strike
Chris Todd steals 3rd base
Kevin Thompson to second
1-2: Strikes out swinging
Top of the 4th over - 0 runs, 1 hit, 0 errors, 2 left on base; Dunedin 1 - Daytona 0
BOTTOM OF THE 4TH
Daytona Tortugas batting - Pitching for Dunedin Blue Jays : RHP Chris Mason
Batting: RHB Diory Hernandez 0-0: Ball
1-0: Ball
2-0: Foul Ball, location: 9LMFF
2-1: Ball
3-1: Called Strike
3-2: Foul Ball, location: 25F
3-2: Foul Ball, location: 2F
3-2: Base on Balls
Batting: SHB Jose Delgado 0-0: Foul Ball, location: 7LSF
0-1: DOUBLE (Flyball, 89D, EV 103.8 MPH)
Diory Hernandez to third
Batting: LHB Jesus Moreno 0-0: Called Strike
0-1: Foul Ball, location: 3FF
0-2: Ball
1-2: Strikes out looking
Batting: RHB Bill Diaz 0-0: Ball
1-0: Ground out 5-3 (Groundball, 56, EV 88.1 MPH)
Diory Hernandez scores
Jose Delgado to third
Batting: SHB Gregory Nash 0-0: Foul Ball, location: 25F
0-1: Ball
1-1: Foul Ball, location: 3DF
1-2: Ball
2-2: Ball
3-2: Fly out, F9 (Flyball, 9, EV 93.8 MPH)
Bottom of the 4th over - 1 run, 1 hit, 0 errors, 1 left on base; Dunedin 1 - Daytona 1
TOP OF THE 5TH
Dunedin Blue Jays batting - Pitching for Daytona Tortugas : RHP Cesar Casillas
Batting: LHB Sneideer Santos 0-0: Ball
1-0: Foul Ball, location: 7LDF
1-1: Ball
2-1: Ball
3-1: Base on Balls
Batting: RHB Billy Santos 0-0: Fly out, F7 (Flyball, 7, EV 93.1 MPH)
Batting: LHB Johan Limonta 0-0: Ball
1-0: Ball
2-0: Called Strike
2-1: Ball
Pickoff Throw to First - Out! 1-3
3-1: Called Strike
3-2: Base on Balls
Pitching: RHP Larry Alvarez
Batting: RHB Robun Dano Dasmarinas 0-0: Fielders Choice at 2nd, 6-4 (Groundball, 56, EV 84.4 MPH)
Top of the 5th over - 0 runs, 0 hits, 0 errors, 1 left on base; Dunedin 1 - Daytona 1
BOTTOM OF THE 5TH
Daytona Tortugas batting - Pitching for Dunedin Blue Jays : RHP Chris Mason
Batting: LHB Bryan Hansen 0-0: Called Strike
0-1: Swinging Strike
0-2: Strikes out swinging
Batting: SHB Phillip Cuadrado 0-0: Ball
1-0: Ball
2-0: Foul Ball, location: 2F
2-1: Ball
3-1: Foul Ball, location: 7LSF
3-2: Foul Ball, location: 2F
3-2: Foul Ball, location: 2F
3-2: DOUBLE (Flyball, 8RXD, EV 112.5 MPH)
Batting: LHB Joe Burke 0-0: Intentional Walk
Batting: SHB Terry Blunt 0-0: Ball
1-0: Ball
2-0: Called Strike
2-1: Called Strike
2-2: Strikes out swinging
Batting: RHB Diory Hernandez 0-0: SINGLE (Line Drive, 7S, EV 98.1 MPH)
Phillip Cuadrado to third
Joe Burke to second
Runner from 3rd tries for Home, SAFE, throw by LF to home
Batting: SHB Jose Delgado 0-0: Ball
1-0: Ball
2-0: Foul Ball, location: 7LSF
2-1: Ball
3-1: Base on Balls
Joe Burke to third
Diory Hernandez to second
Batting: LHB Jesus Moreno 0-0: Ball
1-0: Ball
2-0: Foul Ball, location: 23F
2-1: Foul Ball, location: 23F
2-2: Ball
3-2: Base on Balls
Joe Burke scores
Diory Hernandez to third
Jose Delgado to second
Batting: RHB Bill Diaz 0-0: Ground out 4-3 (Groundball, P, EV 87.5 MPH)
Bottom of the 5th over - 2 runs, 2 hits, 0 errors, 3 left on base; Dunedin 1 - Daytona 3
TOP OF THE 6TH
Dunedin Blue Jays batting - Pitching for Daytona Tortugas : RHP Larry Alvarez
Batting: SHB Chris Todd 0-0: Called Strike
0-1: Swinging Strike
0-2: Ball
1-2: Ball
2-2: Strikes out swinging
Pinch Hitting: SHB Matt Tolbert 0-0: Swinging Strike
0-1: Ball
1-1: Foul Ball, location: 23FF
1-2: Strikes out looking
Batting: SHB Luis Cordova 0-0: Foul Ball, location: 2F
0-1: Swinging Strike
0-2: Strikes out swinging
Top of the 6th over - 0 runs, 0 hits, 0 errors, 0 left on base; Dunedin 1 - Daytona 3
BOTTOM OF THE 6TH
Daytona Tortugas batting - Pitching for Dunedin Blue Jays : RHP Chris Mason
Now in CF: Tony Miller
Batting: SHB Gregory Nash 0-0: Foul Ball, location: 25FF
0-1: Foul Ball, location: 25FF
0-2: Ball
1-2: Foul Ball, location: 7LSF
1-2: Fly out, F7 (Flyball, 7S, EV 76.9 MPH)
Batting: LHB Bryan Hansen 0-0: Called Strike
0-1: Ball
1-1: Foul Ball, location: 7LDF
1-2: Ball
2-2: Fly out, F9 (Flyball, 9D, EV 91.3 MPH)
Batting: SHB Phillip Cuadrado 0-0: Called Strike
0-1: Fly out, F5 (Popup, 25F, EV 80.0 MPH)
Bottom of the 6th over - 0 runs, 0 hits, 0 errors, 0 left on base; Dunedin 1 - Daytona 3
TOP OF THE 7TH
Dunedin Blue Jays batting - Pitching for Daytona Tortugas : RHP Larry Alvarez
Pitching: RHP Jay Darr
Pinch Hitting: LHB Charlie Anderson 0-0: Swinging Strike
0-1: Foul Ball, location: 3FF
0-2: Ball
1-2: Ball
2-2: Foul Ball, location: 2F
2-2: SINGLE (Line Drive, 8LS, EV 89.4 MPH)
Batting: SHB Brandon Burgess 0-0: Ball
1-0: Ball
2-0: Foul Ball, location: 2F
2-1: Ball
3-1: Called Strike
3-2: Base on Balls
Charlie Anderson to second
Batting: LHB Sneideer Santos 0-0: Foul Ball, location: 2F
0-1: Called Strike
0-2: Foul Ball, location: 23FF
0-2: Foul Ball, location: 5SF
0-2: Strikes out swinging
Batting: RHB Billy Santos 0-0: Ball
1-0: Foul Ball, location: 23FF
1-1: Swinging Strike
1-2: Strikes out swinging
Batting: LHB Johan Limonta 0-0: Called Strike
0-1: Foul Ball, location: 2F
0-2: Ball
1-2: Ball
2-2: TRIPLE (Line Drive, 89XD, EV 99.4 MPH)
Charlie Anderson scores
Brandon Burgess scores
Batting: RHB Robun Dano Dasmarinas 0-0: Ball
1-0: Ball
2-0: SINGLE (Line Drive, 9S, EV 91.9 MPH)
Johan Limonta scores
Pitching: RHP Ryan Basner
Batting: SHB Chris Todd 0-0: Ball
1-0: Foul Ball, location: 25FF
1-1: Ball
2-1: Foul Ball, location: 2F
2-2: Ball
3-2: SINGLE (Groundball, 6MD, EV 100.6 MPH)
Robun Dano Dasmarinas to second
Robun Dano Dasmarinas to third
Batting: RHB Tony Miller 0-0: Ball
1-0: Called Strike
1-1: Foul Ball, location: 2F
1-2: Ball
2-2: Foul Ball, location: 3FF
2-2: Foul Ball, location: 9LDF
2-2: Ball
3-2: Fly out, F9 (Flyball, 9S, EV 98.1 MPH)
Top of the 7th over - 3 runs, 4 hits, 0 errors, 2 left on base; Dunedin 4 - Daytona 3
BOTTOM OF THE 7TH
Daytona Tortugas batting - Pitching for Dunedin Blue Jays : RHP Chris Mason
Pitching: LHP Mike Zagurski
Now at 2B: Donnie Murphy
Now at 3B: Emerson Frostad
Batting: LHB Joe Burke 0-0: Ball
1-0: Ground out 4-3 (Groundball, 4, EV 90.6 MPH)
Pitching: LHP Brent Leach
Batting: SHB Terry Blunt 0-0: Swinging Strike
0-1: Ball
1-1: Swinging Strike
1-2: Foul Ball, location: 2F
1-2: Ball
2-2: Strikes out swinging
Batting: RHB Diory Hernandez 0-0: Ball
1-0: Foul Ball, location: 9LDF
1-1: Swinging Strike
1-2: Strikes out looking
Bottom of the 7th over - 0 runs, 0 hits, 0 errors, 0 left on base; Dunedin 4 - Daytona 3
TOP OF THE 8TH
Dunedin Blue Jays batting - Pitching for Daytona Tortugas : RHP Ryan Basner
Batting: SHB Luis Cordova 0-0: Foul Ball, location: 7LMF
0-1: Foul Ball, location: 23F
0-2: Hit by Pitch
Batting: RHB Donnie Murphy 0-0: Ball
1-0: Called Strike
1-1: Ball
2-1: Ball
3-1: Called Strike
3-2: Base on Balls
Luis Cordova to second
Batting: SHB Brandon Burgess 0-0: Ball
1-0: 3-RUN HOME RUN (Flyball, 9D, EV 99.4 MPH), Distance : 377 ft
Pitching: RHP Josh Parker
Batting: LHB Sneideer Santos 0-0: Foul Ball, location: 7LMF
0-1: Called Strike
0-2: Ball
1-2: Ball
2-2: Foul Ball, location: 7LDF
2-2: SOLO HOME RUN (Flyball, 9D, EV 95.6 MPH), Distance : 385 ft
Batting: RHB Billy Santos 0-0: Ground out 6-3 (Groundball, 6, EV 79.4 MPH)
Batting: LHB Johan Limonta 0-0: Ball
1-0: Swinging Strike
1-1: Foul Ball, location: 5FF
1-2: Foul Ball, location: 25F
1-2: Foul Ball, location: 7LDF
1-2: Strikes out swinging
Batting: RHB Robun Dano Dasmarinas 0-0: Called Strike
0-1: Called Strike
0-2: Ball
1-2: SINGLE (Line Drive, 8RS, EV 103.8 MPH)
Batting: LHB Emerson Frostad 0-0: Ball
1-0: Foul Ball, location: 5F
1-1: Called Strike
1-2: Strikes out swinging
Top of the 8th over - 4 runs, 3 hits, 0 errors, 1 left on base; Dunedin 8 - Daytona 3
BOTTOM OF THE 8TH
Daytona Tortugas batting - Pitching for Dunedin Blue Jays : LHP Brent Leach
Batting: SHB Jose Delgado 0-0: Foul Ball, location: 2F
0-1: Ball
1-1: Swinging Strike
1-2: SINGLE (Flyball, 7S, EV 94.4 MPH) - OUT at second base trying to stretch hit.
Batting: LHB Jesus Moreno 0-0: Foul Ball, location: 2F
0-1: Called Strike
0-2: Foul Ball, location: 9LSF
0-2: Ball
1-2: Ball
2-2: Ball
3-2: Foul Ball, location: 2LF
3-2: Foul Ball, location: 2F
3-2: Foul Ball, location: 9LMF
3-2: Base on Balls
Pitching: LHP David Purcey
Batting: RHB Bill Diaz 0-0: Called Strike
0-1: Ball
1-1: Foul Ball, location: 2F
1-2: Ball
2-2: Fly out, F6 (Popup, 6, EV 66.3 MPH)
Batting: SHB Gregory Nash 0-0: Ball
1-0: Called Strike
1-1: Called Strike
1-2: Ball
2-2: Strikes out swinging
Bottom of the 8th over - 0 runs, 1 hit, 0 errors, 1 left on base; Dunedin 8 - Daytona 3
TOP OF THE 9TH
Dunedin Blue Jays batting - Pitching for Daytona Tortugas : RHP Josh Parker
Batting: RHB Tony Miller 0-0: Foul Ball, location: 3SF
0-1: Fly out, F9 (Flyball, 9S, EV 94.4 MPH)
Batting: SHB Luis Cordova 0-0: Fly out, F7 (Flyball, 7, EV 96.3 MPH)
Batting: RHB Donnie Murphy 0-0: Called Strike
0-1: SINGLE (Groundball, 6MD, EV 94.4 MPH)
Batting: SHB Brandon Burgess 0-0: Ball
1-0: SINGLE (Line Drive, 78S, EV 86.9 MPH)
Donnie Murphy to second
Runner from 2nd tries for 3rd, SAFE, no throw by CF
Pitching: RHP Connor Robertson
Batting: LHB Sneideer Santos 0-0: SINGLE (Groundball, 15S, EV 68.8 MPH) (infield hit)
Donnie Murphy scores
Brandon Burgess to second
Batting: RHB Billy Santos 0-0: Ball
1-0: Foul Ball, location: 2F
1-1: Foul Ball, location: 2F
1-2: Strikes out swinging
Top of the 9th over - 1 run, 3 hits, 0 errors, 2 left on base; Dunedin 9 - Daytona 3
BOTTOM OF THE 9TH
Daytona Tortugas batting - Pitching for Dunedin Blue Jays : LHP David Purcey
Batting: LHB Bryan Hansen 0-0: Ball
1-0: Ball
2-0: Ball
3-0: Called Strike
3-1: Base on Balls
Batting: SHB Phillip Cuadrado 0-0: Called Strike
0-1: Ball
1-1: Foul Ball, location: 2F
1-2: Ball
2-2: Foul Ball, location: 9LMF
2-2: Foul Ball, location: 3FF
2-2: Grounds into double play, 5-4-3 (Groundball, 56, EV 92.5 MPH)
Pinch Hitting: SHB Elliot Johnson 0-0: Called Strike
0-1: Called Strike
0-2: Foul Ball, location: 2F
0-2: Ball
1-2: SINGLE (Groundball, 6D, EV 110.0 MPH)
Batting: SHB Terry Blunt 0-0: Ground out 4-3 (Groundball, 34, EV 99.4 MPH)
Bottom of the 9th over - 0 runs, 1 hit, 0 errors, 1 left on base; Dunedin 9 - Daytona 3
Friday, December 13th , 2024 - OOTP Baseball 25.11 Build 100